[Event "Titled Tuesday Blitz March 01 Late 2022"]
[White "Przybylski, Wojciech"]
[Black "Saraci, Nderim"]
[WhiteFideId "1117599"]
[BlackFideId "6351921"]
[WhiteElo "2133"]
[BlackElo "2573"]
[Result "0-1"]
[Round "01"]
[TimeControl "180+1"]
[Date "2022.03.01"]
[WhiteClock "0:00:06"]
[BlackClock "0:01:06"]

1. e4 c5 2. Nf3 e6 3. b3 Nf6 4. e5 Nd5 5. Nc3 Nxc3 6. dxc3 b6 7. Bd3 Bb7 8. Bb2 g6 9. h4 Bg7 10. h5 Bxf3 11. Qxf3 Nc6 12. Be4 Nxe5 13. Qe2 d5 14. h6 Bf6 15. O-O-O Qe7 16. f4 Nd7 17. Bf3 O-O 18. g4 Rfe8 19. Kb1 Rac8 20. g5 Bh8 21. Rhe1 Qd6 22. Qe3 c4 23. b4 a5 24. a3 axb4 25. cxb4 Bxb2 26. Kxb2 c3+ 27. Kb3 Qc6 28. Rd4 Ra8 29. Ra1 Qa4+ 30. Ka2 Qxc2# 0-1


[Site "https://www.chess.com"]

[Event "Titled Tuesday Blitz March 01 Late 2022"]
[White "Quesada Perez, Yuniesky"]
[Black "Petrovic, Aleksa"]
[WhiteFideId "3504409"]
[BlackFideId "967629"]
[WhiteElo "2622"]
[BlackElo "2139"]
[Result "1-0"]
[Round "01"]
[TimeControl "180+1"]
[Date "2022.03.01"]
[WhiteClock "0:00:11"]
[BlackClock "0:00:03"]

1. e4 c5 2. Nf3 Nc6 3. Bb5 e6 4. O-O Nge7 5. Re1 a6 6. Bf1 b5 7. c3 d5 8. exd5 Nxd5 9. a4 Rb8 10. axb5 axb5 11. d4 c4 12. Nbd2 Be7 13. Ne4 O-O 14. g3 Bb7 15. h4 Ra8 16. Bg5 Rxa1 17. Qxa1 Qa8 18. Nc5 Bxc5 19. dxc5 Qxa1 20. Rxa1 Ra8 21. Rxa8+ Bxa8 22. Nd2 f6 23. Be3 Nxe3 24. fxe3 Ne5 25. b4 Nf3+ 26. Nxf3 Bxf3 27. Bg2 Bxg2 28. Kxg2 Kf7 29. Kf3 e5 30. c6 Ke6 31. c7 Kd7 32. Ke4 Kxc7 33. Kd5 Kb6 34. Kd6 h5 35. e4 Kb7 36. Ke6 Kc6 37. Kf7 f5 38. exf5 e4 39. Kxg7 e3 40. f6 e2 41. f7 e1=Q 42. f8=Q Qxg3+ 43. Kh6 Qxh4 44. Qc5+ Kd7 45. Qxb5+ Ke6 46. Qc6+ Ke5 47. Qc5+ Ke6 48. Qc8+ Kd6 49. Qa6+ Kc7 50. Qa5+ Kc6 51. Qc5+ Kd7 52. Qxh5 Qf6+ 53. Qg6 Qh4+ 54. Kg7 Kc7 55. Kf7 Qf4+ 56. Qf6 Qe3 57. Qe7+ Qxe7+ 58. Kxe7 Kc6 59. Ke6 Kb5 60. Kd5 Ka4 61. Kxc4 1-0


[Site "https://www.chess.com"]

[Event "Titled Tuesday Blitz March 01 Late 2022"]
[White "Redzisz, Michal"]
[Black "Maze, Sebastien"]
[WhiteFideId "21816107"]
[BlackFideId "613762"]
[WhiteElo "1961"]
[BlackElo "2462"]
[Result "0-1"]
[Round "01"]
[TimeControl "180+1"]
[Date "2022.03.02"]
[WhiteClock "0:00:22"]
[BlackClock "0:00:19"]

1. Nf3 Nf6 2. c4 g6 3. Nc3 Bg7 4. e4 d6 5. d4 O-O 6. h3 Nc6 7. Be3 e5 8. d5 Nd4 9. Nxd4 exd4 10. Bxd4 Nxe4 11. Bxg7 Re8 12. Be2 Kxg7 13. Qd4+ Qf6 14. Qxf6+ Kxf6 15. Nxe4+ Rxe4 16. Kd2 Bd7 17. Bd3 Re7 18. Rae1 Rae8 19. Re3 h5 20. Rhe1 Rxe3 21. Rxe3 g5 22. Rxe8 Bxe8 23. Ke3 h4 24. Kd4 a5 25. b3 b6 26. a3 Bd7 27. f3 Kg7 28. Bc2 f5 29. Bd1 Kf6 30. b4 c5+ 31. dxc6 Bxc6 32. bxa5 bxa5 33. c5 dxc5+ 34. Kxc5 Ba8 35. Kb6 Ke5 36. Kxa5 Kf4 37. Kb6 Kg3 38. Ba4 Kxg2 39. Bc6 Bxc6 40. Kxc6 g4 41. a4 gxf3 42. a5 f2 43. a6 f1=Q 44. a7 Qa6+ 0-1


[Site "https://www.chess.com"]

[Event "Titled Tuesday Blitz March 01 Late 2022"]
[White "Ribeiro, Matheus Mendes Domingues"]
[Black "Muradli, Mahammad"]
[WhiteFideId "324226923"]
[BlackFideId "13409301"]
[WhiteElo "1886"]
[BlackElo "2645"]
[Result "0-1"]
[Round "01"]
[TimeControl "180+1"]
[Date "2022.03.01"]
[WhiteClock "0:00:01"]
[BlackClock "0:00:57"]

1. c4 b6 2. Nf3 Bb7 3. g3 g6 4. Bg2 Bg7 5. O-O e6 6. Nc3 Ne7 7. d4 O-O 8. Bf4 d6 9. Qd2 Re8 10. Rfd1 Nd7 11. Rac1 a6 12. b4 a5 13. a3 Nc6 14. d5 axb4 15. axb4 Nxb4 16. dxe6 fxe6 17. Bxd6 cxd6 18. Qxd6 Nc5 19. Nb5 Qxd6 20. Nxd6 Red8 21. Nxb7 Nxb7 22. Ng5 Rxd1+ 23. Rxd1 Rd8 24. Rb1 Nc5 25. Rxb4 h6 26. Nf3 Rd6 27. e3 Kf7 28. Nd4 g5 29. h3 Bf6 30. Bf3 Nd3 31. Ra4 Bxd4 32. exd4 Rxd4 33. Ra7+ Kf6 34. Be2 Nc5 35. Ra2 Ne4 36. Rb2 Rd2 37. Rxd2 Nxd2 38. Kg2 Ke5 39. h4 gxh4 40. gxh4 Kf4 41. h5 e5 42. Kg1 Ke4 43. Kg2 Kd4 44. Kg3 Nxc4 45. Kg4 Nd6 46. f4 e4 47. f5 Ke5 48. Bf1 Nxf5 49. Bd3 exd3 0-1


[Site "https://www.chess.com"]

[Event "Titled Tuesday Blitz March 01 Late 2022"]
[White "Riehle, Marco"]
[Black "Renjith, Sravan"]
[WhiteFideId "12904392"]
[BlackFideId "4306783"]
[WhiteElo "2462"]
[BlackElo "1863"]
[Result "0-1"]
[Round "01"]
[TimeControl "180+1"]
[Date "2022.03.02"]
[WhiteClock "0:02:19"]
[BlackClock "0:00:04"]

1. e4 e5 2. Nf3 Nc6 3. Bc4 Nf6 4. d4 exd4 5. O-O Nxe4 6. Nc3 Nxc3 7. bxc3 d5 8. Bd3 Be6 9. Re1 Bd6 10. Ng5 Qf6 11. Nxe6 fxe6 12. Qh5+ g6 13. Qh3 O-O 14. f3 e5 15. cxd4 e4 16. Be2 Qxd4+ 17. Kh1 Qxa1 18. Qe6+ Kh8 19. Qxd5 Qd4 20. Qb3 Qe5 21. f4 Rxf4 22. Bxf4 Qxf4 23. g3 Qf2 24. Qc3+ Be5 25. Qd2 Rd8 26. Qc1 Bc3 27. Rf1 Qxe2 28. Qf4 Bg7 29. Rf2 Qd1+ 30. Rf1 Qd5 31. Qxc7 e3+ 32. Kg1 e2 33. Re1 Bd4# 0-1


[Site "https://www.chess.com"]

[Event "Titled Tuesday Blitz March 01 Late 2022"]
[White "Romanchuk, Viktor"]
[Black "Dubov, Daniil"]
[WhiteFideId "14109271"]
[BlackFideId "24126055"]
[WhiteElo "2242"]
[BlackElo "2791"]
[Result "0-1"]
[Round "01"]
[TimeControl "180+1"]
[Date "2022.03.01"]
[WhiteClock "0:00:10"]
[BlackClock "0:00:09"]

1. d4 Nf6 2. c4 d5 3. Nc3 e6 4. Nf3 c6 5. e3 Nbd7 6. Qc2 Bd6 7. b3 O-O 8. Bb2 dxc4 9. Bxc4 b5 10. Be2 Bb7 11. O-O Rc8 12. Rfd1 Qe7 13. Ne4 Nxe4 14. Qxe4 Nf6 15. Qh4 c5 16. Bxb5 Bxf3 17. gxf3 Qb7 18. dxc5 Be7 19. Bd3 h6 20. Rac1 Qxf3 21. Bxf6 Bxf6 22. Qe4 Qxe4 23. Bxe4 Rc7 24. c6 Rfc8 25. Rc4 Kf8 26. Rd7 Rxd7 27. cxd7 Rxc4 28. bxc4 Ke7 29. Bc6 Kd6 30. Bb5 Bd8 31. h3 Kc5 32. Kg2 Kb6 33. Kf3 a6 34. Ba4 Kc5 35. Bb3 Kc6 36. Ba4+ Kc5 37. Bb3 Bc7 38. Ke4 f5+ 39. Kd3 g5 40. e4 g4 41. hxg4 fxg4 42. Ke2 h5 43. Kf1 Kd6 44. Ba4 Ke5 45. Bc6 h4 46. Kg2 Kf4 47. c5 Ke5 48. Kh1 Kd4 49. Bb7 a5 50. c6 Kxe4 51. Ba6 Kf3 52. Kg1 Bb6 53. c7 Bxc7 54. Bb7+ Kf4 55. Bc6 Bb6 56. Kf1 h3 57. Bb7 e5 58. Bc6 e4 59. Bd5 Kf3 60. Be6 h2 61. Bxg4+ Kxg4 62. Kg2 Bc7 63. a4 Kf5 64. Kh1 Ke6 65. d8=Q Bxd8 66. Kxh2 Kf5 67. Kg2 Bc7 0-1


[Site "https://www.chess.com"]

[Event "Titled Tuesday Blitz March 01 Late 2022"]
[White "Romero Ruscalleda, Josep"]
[Black "Dong, Bao Nghia"]
[WhiteFideId "2231859"]
[BlackFideId "12400343"]
[WhiteElo "2301"]
[BlackElo "2360"]
[Result "1-0"]
[Round "01"]
[TimeControl "180+1"]
[Date "2022.03.02"]
[WhiteClock "0:00:44"]
[BlackClock "0:01:17"]

1. e4 e6 2. d4 d5 3. e5 c5 4. c3 Ne7 5. Be3 Nec6 6. Nf3 Qb6 7. Qd2 Nd7 8. Bd3 cxd4 9. cxd4 Nb4 10. Be2 Be7 11. O-O O-O 12. Nc3 f5 13. exf6 Nxf6 14. Ne5 Nc6 15. Na4 Qb4 16. Nxc6 bxc6 17. Qxb4 Bxb4 18. Rac1 Bd7 19. Nc5 Bxc5 20. Rxc5 Rab8 21. b3 Be8 22. Rfc1 Rb6 23. f3 Bd7 24. Bd2 Re8 25. Ba5 Rbb8 26. Bd3 g6 27. Bc7 Rb7 28. Be5 Kf7 29. Ba6 Rb6 30. Ra5 Rb4 31. Bd3 Rb7 32. Ra6 Rc8 33. Rc5 Be8 34. Rca5 Ra8 35. Kf2 Nd7 36. Bd6 Nb6 37. Bc5 Nc8 38. Ra4 Kf6 39. R6a5 Rf7 40. Ba6 e5 41. Bxc8 Rxc8 42. Rxa7 exd4 43. Bxd4+ Ke6 44. Bc5 Rxa7 45. Rxa7 Bd7 46. Ke3 Rb8 47. Kd4 h5 48. Rc7 g5 49. b4 Ra8 50. Ra7 Rxa7 51. Bxa7 Bc8 52. Kc5 Kd7 53. a4 Ba6 54. b5 cxb5 55. axb5 Bb7 56. Bb6 Ke6 57. Ba5 Kd7 58. Bc3 g4 59. fxg4 hxg4 60. h4 d4 61. Bxd4 Bxg2 62. Be5 Be4 63. h5 Kc8 64. h6 Kb7 65. b6 Bh7 66. Bc7 Bg8 67. Kd4 g3 68. Ke3 1-0


[Site "https://www.chess.com"]

[Event "Titled Tuesday Blitz March 01 Late 2022"]
[White "Rorrer, Grayson"]
[Black "Pein, Jonathan"]
[WhiteFideId "30944996"]
[BlackFideId "417092"]
[WhiteElo "2122"]
[BlackElo "2140"]
[Result "1-0"]
[Round "01"]
[TimeControl "180+1"]
[Date "2022.03.02"]
[WhiteClock "0:00:44"]
[BlackClock "0:00:14"]

1. e4 e5 2. Nc3 d6 3. d4 exd4 4. Qxd4 Nc6 5. Qd3 g6 6. Bf4 Bg7 7. O-O-O Be6 8. h4 Nf6 9. Be2 a6 10. h5 Nxh5 11. Bxh5 gxh5 12. Qg3 Qf6 13. Rxh5 h6 14. Rh2 O-O-O 15. Nge2 Bxa2 16. Nxa2 Qxb2+ 17. Kd2 Rhg8 18. Qb3 Qf6 19. Rb1 Na5 20. Qb4 b6 21. Rh5 d5 22. Rxd5 Rxd5+ 23. exd5 Rd8 24. Qe4 Qc6 25. Nb4 Qc5 26. Be3 Nc4+ 27. Kc1 Nxe3 28. Qxe3 Qxe3+ 29. fxe3 a5 30. Nc6 Re8 31. Kd2 h5 32. Kd3 Kd7 33. e4 1-0


[Site "https://www.chess.com"]

[Event "Titled Tuesday Blitz March 01 Late 2022"]
[White "Rosen, Eric"]
[Black "Cagara, Paulina"]
[WhiteFideId "2032562"]
[BlackFideId "1124870"]
[WhiteElo "2362"]
[BlackElo "1828"]
[Result "1-0"]
[Round "01"]
[TimeControl "180+1"]
[Date "2022.03.02"]
[WhiteClock "0:01:09"]
[BlackClock "0:01:10"]

1. d4 f5 2. Nf3 Nf6 3. Bf4 d6 4. e3 g6 5. c4 Bg7 6. Nc3 O-O 7. c5 b6 8. Bc4+ Kh8 9. cxb6 axb6 10. h4 Nh5 11. Ng5 e5 12. dxe5 h6 13. Nf7+ Rxf7 14. Bxf7 Bb7 15. Bxg6 Nxf4 16. exf4 Bxg2 17. Rg1 Bh3 18. Qd3 Qxh4 19. Qg3 Qxg3 20. Rxg3 Bg4 21. f3 dxe5 22. fxg4 exf4 23. Rd3 Nc6 24. gxf5 Nb4 25. Rd2 f3 26. O-O-O Bxc3 27. bxc3 Nxa2+ 28. Kb2 1-0


[Site "https://www.chess.com"]

[Event "Titled Tuesday Blitz March 01 Late 2022"]
[White "Rudzinska, Michalina"]
[Black "Mardov, Dimitar"]
[WhiteFideId "1172883"]
[BlackFideId "30919495"]
[WhiteElo "1904"]
[BlackElo "2185"]
[Result "0-1"]
[Round "01"]
[TimeControl "180+1"]
[Date "2022.03.02"]
[WhiteClock "0:00:22"]
[BlackClock "0:01:10"]

1. e4 e5 2. Nf3 Nf6 3. d4 exd4 4. e5 Nd5 5. Qxd4 Nb6 6. Nc3 Nc6 7. Qf4 d6 8. Be3 Be7 9. O-O-O O-O 10. Bd3 dxe5 11. Nxe5 Bd6 12. Nxc6 bxc6 13. Qf3 Rb8 14. Ne4 Nd5 15. Ng5 h6 16. Ne4 Be5 17. c3 Be6 18. Bb1 Qc8 19. h3 Qb7 20. Qe2 Nxe3 21. fxe3 Qb6 22. Rhe1 Qa5 23. Qc2 f5 24. b4 Qa3+ 25. Qb2 Qxb2+ 26. Kxb2 fxe4 27. Bxe4 Rxb4+ 28. Kc2 Rxe4 0-1


[Site "https://www.chess.com"]

[Event "Titled Tuesday Blitz March 01 Late 2022"]
[White "Rustemov, Alexander"]
[Black "Carre, Sylvain"]
[WhiteFideId "4119002"]
[BlackFideId "642118"]
[WhiteElo "2794"]
[BlackElo "2105"]
[Result "1-0"]
[Round "01"]
[TimeControl "180+1"]
[Date "2022.03.02"]
[WhiteClock "0:01:45"]
[BlackClock "0:00:16"]

1. d4 d5 2. c4 c6 3. Nc3 Nf6 4. e3 e6 5. Nf3 Nbd7 6. Qc2 Bd6 7. Bd2 O-O 8. O-O-O a5 9. e4 dxe4 10. Nxe4 Nxe4 11. Qxe4 a4 12. Bd3 g6 13. a3 Re8 14. Bc3 Bf8 15. h4 h5 16. Rhe1 Bh6+ 17. Kb1 Nf6 18. Qe2 Ng4 19. Ne5 Qxh4 20. Rh1 Qxf2 21. Nxg4 Qxe2 22. Nxh6+ Kh7 23. Bxe2 Kxh6 24. g4 1-0


[Site "https://www.chess.com"]

[Event "Titled Tuesday Blitz March 01 Late 2022"]
[White "Sadhwani, Raunak"]
[Black "Suder, Jakub"]
[WhiteFideId "35093487"]
[BlackFideId "1195310"]
[WhiteElo "2616"]
[BlackElo "2058"]
[Result "1-0"]
[Round "01"]
[TimeControl "180+1"]
[Date "2022.03.01"]
[WhiteClock "0:00:56"]
[BlackClock "0:00:04"]

1. d4 d5 2. Nf3 e6 3. Bf4 Nf6 4. e3 c5 5. Nbd2 Be7 6. c3 Nc6 7. Bd3 Nh5 8. Be5 Nxe5 9. dxe5 g6 10. O-O O-O 11. Qe2 b6 12. Rad1 Bb7 13. Rfe1 Qc7 14. Nf1 a6 15. Ng3 Ng7 16. e4 b5 17. h4 c4 18. Bb1 Rad8 19. h5 dxe4 20. Bxe4 Nf5 21. hxg6 hxg6 22. Nxf5 exf5 23. Bxb7 Qxb7 24. e6 Rxd1 25. exf7+ Rxf7 26. Rxd1 Bf6 27. Qe6 Kg7 28. Rd6 Qe7 29. Rxa6 Qxe6 30. Rxe6 Rd7 31. Rb6 Rd1+ 32. Kh2 Rb1 33. Rxb5 Bxc3 34. b3 cxb3 35. Rxb3 Rc1 36. a4 Kf6 37. Rb6+ Kf7 38. Rc6 Bb2 39. Rxc1 Bxc1 40. a5 Bf4+ 41. g3 Bc7 42. a6 Bb6 43. Kg2 Kf6 44. Nd2 Ke6 45. Nc4 Ba7 46. Na3 Kd7 47. Nb5 Bb6 48. a7 1-0


[Site "https://www.chess.com"]

[Event "Titled Tuesday Blitz March 01 Late 2022"]
[White "Sailer, Mike"]
[Black "Guz, Ari"]
[WhiteFideId "2012901"]
[BlackFideId "2825759"]
[WhiteElo "2109"]
[BlackElo "1913"]
[Result "0-1"]
[Round "01"]
[TimeControl "180+1"]
[Date "2022.03.02"]
[WhiteClock "0:00:01"]
[BlackClock "0:01:14"]

1. d4 Nf6 2. Nf3 b5 3. Bf4 Bb7 4. e3 a6 5. a4 b4 6. Nbd2 e6 7. Bd3 Be7 8. O-O O-O 9. h3 c5 10. c3 a5 11. Re1 Na6 12. Qe2 Nc7 13. e4 d6 14. Rad1 Re8 15. e5 Nfd5 16. Bh2 bxc3 17. Nc4 dxe5 18. dxe5 cxb2 19. Qxb2 Bc6 20. Nd6 Bxd6 21. exd6 Na6 22. Ne5 Bxa4 23. Bxh7+ Kxh7 24. Nxf7 Qf6 25. Qb1+ Kg8 26. Ne5 Bxd1 27. Qxd1 Nab4 28. Qh5 Rf8 29. f3 Nf4 30. Qg4 Nfd3 31. Nxd3 Nxd3 32. Rd1 Nf4 33. Bxf4 Qxf4 34. Qxe6+ Qf7 35. Qe5 a4 36. Qxc5 a3 37. d7 a2 38. Qc4 0-1


[Site "https://www.chess.com"]

[Event "Titled Tuesday Blitz March 01 Late 2022"]
[White "Sarkar, Justin"]
[Black "Cabarkapa, Novak"]
[WhiteFideId "2010011"]
[BlackFideId "943746"]
[WhiteElo "2038"]
[BlackElo "2443"]
[Result "0-1"]
[Round "01"]
[TimeControl "180+1"]
[Date "2022.03.02"]
[WhiteClock "0:00:01"]
[BlackClock "0:00:04"]

1. d4 Nf6 2. c4 g6 3. Nc3 Bg7 4. e4 O-O 5. Nge2 c6 6. e5 Ne8 7. f4 d6 8. Be3 f6 9. exf6 Nxf6 10. h3 Na6 11. g4 Qb6 12. Bg2 Bxg4 13. hxg4 Nxg4 14. Bg1 h5 15. Bf3 c5 16. Bxg4 hxg4 17. Qd2 Qc6 18. Nd5 Rae8 19. Ng3 e6 20. Nc3 cxd4 21. Bxd4 e5 22. fxe5 Bxe5 23. Bxe5 Rxe5+ 24. Kd1 Qf3+ 25. Nce2 Nc5 26. Kc2 Ne4 27. Qh6 Kf7 28. Rhf1 Nf2 29. Rxf2 Qxf2 30. Rf1 Rxe2+ 31. Kc3 Rc2+ 32. Kb3 Rxb2+ 33. Ka3 Rxa2+ 34. Kb3 Rb2+ 35. Ka3 Ke7 36. Rxf2 Rbxf2 37. Qe3+ Kd7 38. Qd4 R8f3+ 39. Kb4 Kc7 40. Qg7+ Kb6 41. Ne4 a5+ 0-1


[Site "https://www.chess.com"]

[Event "Titled Tuesday Blitz March 01 Late 2022"]
[White "Seo, Jung Min"]
[Black "Janturin, Artur"]
[WhiteFideId "1734687"]
[BlackFideId "4130022"]
[WhiteElo "2401"]
[BlackElo "2334"]
[Result "1-0"]
[Round "01"]
[TimeControl "180+1"]
[Date "2022.03.02"]
[WhiteClock "0:01:39"]
[BlackClock "0:00:13"]

1. e4 e6 2. d4 d5 3. Nd2 dxe4 4. Nxe4 Nd7 5. Nf3 Ngf6 6. Bd3 Be7 7. O-O b6 8. Qe2 Bb7 9. Nxf6+ Nxf6 10. Bb5+ c6 11. Ba4 O-O 12. Rd1 Qc7 13. Bg5 Rfd8 14. Ne5 Nd5 15. Bxe7 Nxe7 16. Bb3 Nd5 17. c4 Nf6 18. Qe3 c5 19. dxc5 Qxc5 20. Qxc5 bxc5 21. f3 Kf8 22. Kf2 Ke7 23. Bc2 Nd7 24. Nd3 Rac8 25. b3 Nb8 26. Ke3 f6 27. Rd2 Na6 28. f4 Nb4 29. Nxb4 Rxd2 30. Kxd2 cxb4 31. g3 Rd8+ 32. Ke3 h6 33. a3 bxa3 34. Rxa3 Ra8 35. b4 Kd6 36. Ra5 Kc7 37. c5 Bd5 38. Be4 Kc6 39. Bxd5+ Kxd5 40. Kd3 g5 41. Ra6 gxf4 42. gxf4 h5 43. Rd6# 1-0


[Site "https://www.chess.com"]

[Event "Titled Tuesday Blitz March 01 Late 2022"]
[White "Sjugirov, Sanan"]
[Black "Silva, Kaua Marques"]
[WhiteFideId "4189302"]
[BlackFideId "22701168"]
[WhiteElo "2602"]
[BlackElo "2013"]
[Result "1-0"]
[Round "01"]
[TimeControl "180+1"]
[Date "2022.03.01"]
[WhiteClock "0:01:27"]
[BlackClock "0:01:00"]

1. e4 c5 2. Nf3 e6 3. d4 cxd4 4. Nxd4 Nf6 5. Nc3 Nc6 6. Ndb5 d6 7. Bf4 e5 8. Bg5 a6 9. Na3 b5 10. Nd5 Be7 11. Bxf6 Bxf6 12. c4 b4 13. Nc2 a5 14. g3 O-O 15. Bg2 Be6 16. O-O Bg5 17. Qd3 Rb8 18. b3 Ne7 19. Nde3 Bxe3 20. Nxe3 Qb6 21. Kh1 Qc5 22. Rad1 Rb6 23. f4 f6 24. f5 Bf7 25. g4 a4 26. h4 Ra8 27. g5 Bh5 28. Bf3 Bxf3+ 29. Rxf3 axb3 30. axb3 Kh8 31. Rg3 Ng8 32. Rdg1 Rb7 33. Nd5 Rab8 34. Qe2 fxg5 35. hxg5 g6 36. Rh3 Ne7 37. Nf6 Ng8 38. fxg6 Nxf6 39. gxf6 Kg8 40. Qh5 1-0


[Site "https://www.chess.com"]

[Event "Titled Tuesday Blitz March 01 Late 2022"]
[White "Sliwicki, Damian"]
[Black "Awatramani, Janak"]
[WhiteFideId "1127128"]
[BlackFideId "2608359"]
[WhiteElo "2084"]
[BlackElo "2782"]
[Result "0-1"]
[Round "01"]
[TimeControl "180+1"]
[Date "2022.03.02"]
[WhiteClock "0:00:26"]
[BlackClock "0:01:32"]

1. e4 e5 2. Nf3 Nc6 3. d4 exd4 4. Bc4 g6 5. Bg5 Be7 6. Bxe7 Qxe7 7. O-O Qc5 8. Nbd2 Nge7 9. Bd5 Nxd5 10. exd5 Qxd5 11. Re1+ Kf8 12. Ne4 Kg7 13. c4 Qh5 14. Ng3 Qc5 15. b4 Qxc4 16. Rc1 Qxb4 17. Ng5 h6 18. N5e4 d5 19. Nc5 b6 20. Nd3 Qd6 21. Qf3 Be6 22. Ne2 Rhe8 23. h3 Bf5 24. g4 Be4 25. Qf4 Bxd3 26. Qxd6 cxd6 27. Rxc6 Bxe2 0-1


[Site "https://www.chess.com"]

[Event "Titled Tuesday Blitz March 01 Late 2022"]
[White "Song, Michael"]
[Black "Kollars, Dmitrij"]
[WhiteFideId "2613190"]
[BlackFideId "12909572"]
[WhiteElo "2274"]
[BlackElo "2584"]
[Result "0-1"]
[Round "01"]
[TimeControl "180+1"]
[Date "2022.03.01"]
[WhiteClock "0:00:22"]
[BlackClock "0:00:13"]

1. e4 c6 2. Nc3 d5 3. Nf3 dxe4 4. Nxe4 Nf6 5. Qe2 Nxe4 6. Qxe4 Nd7 7. d4 Nf6 8. Qh4 Bf5 9. c3 e6 10. Ne5 Ne4 11. Qxd8+ Rxd8 12. g4 Bg6 13. Bg2 Nd6 14. h4 f6 15. Nxg6 hxg6 16. Bf4 Nc4 17. O-O-O Bd6 18. Bxd6 Rxd6 19. Rde1 Kf7 20. Be4 a5 21. h5 g5 22. Bg6+ Ke7 23. Rh3 Nb6 24. h6 Rxh6 25. Rxh6 gxh6 26. Rh1 Kf8 27. Kc2 Kg7 28. Be4 Nd5 29. Bxd5 cxd5 30. Kd3 b5 31. b3 Kg6 32. f3 Rc6 33. Rh2 Rb6 34. Rh1 a4 35. Rb1 axb3 36. Rxb3 Ra6 37. a3 Ra5 38. Rb1 h5 39. gxh5+ Kxh5 40. Rh1+ Kg6 41. Rb1 Kf5 42. Rb3 Kf4 43. Ke2 Ra8 44. Rxb5 Rxa3 45. Rb6 Rxc3 46. Rxe6 f5 47. Re5 Rxf3 48. Rxd5 g4 49. Rd8 Re3+ 50. Kf1 Kf3 51. d5 g3 52. Rg8 Rd3 0-1


[Site "https://www.chess.com"]

[Event "Titled Tuesday Blitz March 01 Late 2022"]
[White "Suarez Uriel, Adrian"]
[Black "Riazantsev, Alexander"]
[WhiteFideId "22230874"]
[BlackFideId "4125029"]
[WhiteElo "2316"]
[BlackElo "2595"]
[Result "0-1"]
[Round "01"]
[TimeControl "180+1"]
[Date "2022.03.01"]
[WhiteClock "0:00:12"]
[BlackClock "0:00:37"]

1. e4 c6 2. Nf3 d5 3. Nc3 Bg4 4. d4 e6 5. Bd3 Nf6 6. e5 Nfd7 7. h3 Bh5 8. Ne2 Bxf3 9. gxf3 c5 10. c3 Nc6 11. Be3 Qb6 12. Kf1 Be7 13. h4 O-O-O 14. h5 c4 15. Bc2 Qxb2 16. Rb1 Qa3 17. Ba4 Nb6 18. Rxb6 axb6 19. Qc2 b5 20. Bxb5 Qa5 21. a4 Qc7 22. Kg2 Na7 23. Rb1 Nxb5 24. axb5 Qa5 25. Qb2 Qa3 26. Qc2 Kd7 27. Bc1 Qa5 28. Bb2 Ra8 29. Bc1 Qa2 30. Rb2 Qa4 31. Qb1 g6 32. h6 Qa1 33. Qc2 Ra5 34. Ng1 Qa4 35. Qb1 Rha8 36. Nh3 Qd1 37. Bg5 Qxb1 38. Rxb1 Bf8 39. Be3 Ra1 40. Rb2 R8a2 41. Rxa2 Rxa2 42. Ng5 Bxh6 43. Nxf7 Bxe3 0-1


[Site "https://www.chess.com"]

[Event "Titled Tuesday Blitz March 01 Late 2022"]
[White "Svane, Rasmus"]
[Black "Mogranzini, Roberto"]
[WhiteFideId "4657101"]
[BlackFideId "810894"]
[WhiteElo "2645"]
[BlackElo "2469"]
[Result "1-0"]
[Round "01"]
[TimeControl "180+1"]
[Date "2022.03.01"]
[WhiteClock "0:00:12"]
[BlackClock "0:00:03"]

1. Nf3 c5 2. c4 Nc6 3. Nc3 g6 4. e3 Bg7 5. d4 d6 6. Be2 Nf6 7. h3 O-O 8. d5 Na5 9. e4 a6 10. a4 e6 11. O-O e5 12. Nh2 Bd7 13. g4 Ne8 14. Bd3 Kh8 15. Kh1 Qh4 16. Qf3 Bh6 17. Kg2 Bxc1 18. Raxc1 Nb3 19. Rcd1 Nd4 20. Qg3 Qe7 21. f4 exf4 22. Qxf4 f6 23. a5 Kg7 24. Ne2 Nxe2 25. Bxe2 Qe5 26. Qd2 Rb8 27. Nf3 Qe7 28. Qc3 Kg8 29. Bd3 b6 30. g5 bxa5 31. gxf6 Nxf6 32. e5 dxe5 33. Nxe5 Nh5 34. Kh2 Qg5 35. Bxg6 hxg6 36. Nxd7 Rxf1 37. Rxf1 Rxb2+ 38. Qxb2 Qg3+ 39. Kh1 Qxh3+ 40. Kg1 Qg3+ 41. Qg2 Qe3+ 42. Kh2 Nf4 43. Qg3 Qe2+ 44. Kg1 1-0


[Site "https://www.chess.com"]

[Event "Titled Tuesday Blitz March 01 Late 2022"]
[White "Szente Varga, Fruzsina"]
[Black "Krishnan, Varun"]
[WhiteFideId "712264"]
[BlackFideId "5054508"]
[WhiteElo "1994"]
[BlackElo "2595"]
[Result "0-1"]
[Round "01"]
[TimeControl "180+1"]
[Date "2022.03.02"]
[WhiteClock "0:00:23"]
[BlackClock "0:00:06"]

1. e4 c5 2. Nf3 e6 3. b3 Nc6 4. Bb2 Nf6 5. e5 Nd5 6. Bb5 Be7 7. O-O O-O 8. d3 Nb8 9. a4 a6 10. Bc4 Nb6 11. Nbd2 Nc6 12. Ne4 Nxc4 13. dxc4 b6 14. Qd2 Bb7 15. Nd6 Bxd6 16. Qxd6 Qe7 17. Rad1 Qxd6 18. Rxd6 Rad8 19. Rfd1 Bc8 20. a5 b5 21. cxb5 axb5 22. Bc1 Nxa5 23. Be3 f6 24. exf6 gxf6 25. Rb6 Nb7 26. Rxb5 d6 27. Nd2 Rf7 28. Ne4 f5 29. Ng5 Rc7 30. c4 Bd7 31. Rb6 h6 32. Nf3 Bc6 33. Nd2 Kf7 34. Nf1 Ke7 35. f3 Rg8 36. Kf2 e5 37. Bxh6 f4 38. h4 Rg6 39. Bg5+ Ke6 40. Ra6 Rg8 41. Nd2 Nd8 42. Ne4 Nf7 43. Rb6 Bxe4 44. fxe4 Rd7 45. Kf3 Nxg5+ 46. hxg5 Rxg5 47. Rd5 Rg3+ 48. Kf2 Re3 49. Rxc5 Rxe4 50. Rd5 Re3 51. Rd2 Rg3 52. c5 Rc3 53. b4 e4 54. Rdxd6+ Rxd6 55. Rxd6+ Ke5 56. Rd8 Rc2+ 57. Kf1 e3 58. c6 Rxc6 59. Re8+ Kd4 60. Ke2 Rc2+ 61. Kf3 Rf2+ 62. Kg4 e2 63. g3 f3 64. b5 Rf1 65. b6 e1=Q 66. Rd8+ Kc5 67. b7 Qe4+ 68. Kg5 Qxb7 0-1


[Site "https://www.chess.com"]

[Event "Titled Tuesday Blitz March 01 Late 2022"]
[White "Tanenbaum, Zachary"]
[Black "Nikologorsky, Matfei"]
[WhiteFideId "2060850"]
[BlackFideId "24102474"]
[WhiteElo "2168"]
[BlackElo "2231"]
[Result "1-0"]
[Round "01"]
[TimeControl "180+1"]
[Date "2022.03.02"]
[WhiteClock "0:00:16"]
[BlackClock "0:00:13"]

1. e4 c5 2. Nf3 e6 3. d4 cxd4 4. Nxd4 a6 5. Bd3 Nf6 6. Nc3 Qc7 7. O-O Nc6 8. Be3 b5 9. Nxc6 dxc6 10. f4 e5 11. fxe5 Ng4 12. Bf4 Qb6+ 13. Kh1 Nf2+ 14. Rxf2 Qxf2 15. Bg3 Qe3 16. Qf1 Be6 17. Re1 Qc5 18. Ne2 Be7 19. Nf4 O-O 20. Qf3 Rad8 21. h3 Qb4 22. b3 Qd4 23. Rf1 c5 24. Nh5 c4 25. Be2 cxb3 26. axb3 Qd2 27. Bf4 Qxc2 28. Qg3 g6 29. Rf2 Qxe4 30. Bg5 Qb4 31. Nf6+ Kg7 32. Rf4 Qc3 33. Qxc3 Rc8 34. Qg3 Rh8 35. Qh4 h5 36. Nxh5+ Rxh5 37. Bxh5 Bxg5 38. Qxg5 Rc1+ 39. Kh2 Rc5 40. Bxg6 fxg6 41. Qe7+ Kh6 42. Rh4# 1-0


[Site "https://www.chess.com"]

[Event "Titled Tuesday Blitz March 01 Late 2022"]
[White "Tomb, Maroun"]
[Black "Paravyan, David"]
[WhiteFideId "5300398"]
[BlackFideId "4194985"]
[WhiteElo "2528"]
[BlackElo "2569"]
[Result "1-0"]
[Round "01"]
[TimeControl "180+1"]
[Date "2022.03.01"]
[WhiteClock "0:00:06"]
[BlackClock "0:00:00"]

1. e4 e5 2. Nf3 Nf6 3. d4 Nxe4 4. Bd3 d5 5. Nxe5 Bd6 6. O-O O-O 7. Nc3 Nxc3 8. bxc3 Nd7 9. Nxd7 Bxd7 10. Qh5 f5 11. Qf3 c6 12. Bf4 Qc7 13. Bxd6 Qxd6 14. Rfe1 Rae8 15. c4 dxc4 16. Bxc4+ Kh8 17. c3 g6 18. h4 Be6 19. Bxe6 Rxe6 20. Rxe6 Qxe6 21. Qe3 Re8 22. Re1 Qxe3 23. Rxe3 Rxe3 24. fxe3 Kg7 25. Kf2 Kf6 26. Kf3 g5 27. g3 b5 28. e4 fxe4+ 29. Kxe4 gxh4 30. gxh4 Ke6 31. a3 a6 32. h5 a5 33. h6 a4 34. Kf4 Kf6 35. Ke4 Ke6 36. Kf4 Kd5 37. Kf5 Kc4 38. Kf6 Kxc3 39. Kg7 b4 40. Kxh7 b3 41. Kg7 b2 42. h7 b1=Q 43. h8=Q Qe4 44. Qh3+ Qd3 45. Qe6 Qxd4+ 46. Kg6 c5 47. Qe1+ 1-0


[Site "https://www.chess.com"]